 Dungeon Crawl Stone Soup version 0.26-a0-40-gfe7b5d5a6f (webtiles) character file.

Game seed: 16391742302286049272, levelgen mode: deterministic

116671 D1HalberdGnoll the Bludgeoner (level 17, 0/139 HPs)
             Began as a Human Berserker on June 1, 2020.
             Was a High Priest of Trog.
             Slain by a merfolk aquamancer
             ... wielding a +2 rapier of distortion
              (10 damage)
             ... on level 1 of the Shoals.
             The game lasted 00:49:05 (33820 turns).

D1HalberdGnoll the Bludgeoner (Human Berserker)    Turns: 33820, Time: 00:49:06

Health: 0/139      AC: 36    Str: 25    XL:     17   Next: 27%
Magic:  17/17      EV: 17    Int: 14    God:    Trog [*****.]
Gold:   3315       SH:  5    Dex: 15    Spells: 16/16 levels left

rFire    + . .     SeeInvis +   Z - +11 morningstar of Severance {freeze, rN++}
rCold    . . .     Gourm    .   C - +0 buckler {AC+3}
rNeg     + + +     Faith    .   H - +4 chain mail of the Tundras {+Inv rF+ Slay+2}
rPois    .         Spirit   .   w - +0 helmet
rElec    .         Reflect  .   L - scarf {+Inv}
rCorr    .         Harm     .   n - +2 pair of gloves {Str+3}
MR       +++++     Clarity  +   G - +2 pair of boots
Stlth    ..........             m - amulet of the Four Winds {rN+ MR+++ Clar}
HPRegen  1.33/turn              P - ring of Robustness {AC+8}
MPRegen  0.15/turn              W - ring of Jirirph {rN+ Int+6 SInv}

@: regenerating, very slow
A: no striking features
a: Berserk, Trog's Hand, Brothers in Arms, Renounce Religion, Evoke Invisibility


You were on level 1 of the Shoals.
You worshipped Trog.
Trog was extremely pleased with you.
You were not hungry.

You visited 5 branches of the dungeon, and saw 25 of its levels.
You visited 1 bazaar.
You also visited: Volcano.

You collected 4856 gold pieces.
You spent 1541 gold pieces at shops.

Inventory:

Hand Weapons
 Z - the +11 morningstar of Severance (weapon) {freeze, rN++}
   (You acquired it on level 5 of the Lair of Beasts)

   It has been specially enchanted to freeze those struck by it, causing extra
   injury to most foes and up to half again as much damage against particularly
   susceptible opponents.
   It can also slow down cold-blooded creatures.
   It greatly protects you from negative energy.
Missiles
 A - 7 throwing nets (quivered)
Armour
 n - a +2 pair of gloves of strength (worn)
 w - a +0 helmet (worn)
 C - a +0 buckler of protection (worn)
 G - a +2 pair of boots (worn)
 H - the +4 chain mail of the Tundras (worn) {+Inv rF+ Slay+2}
   (You found it on level 9 of the Dungeon)

   It affects your accuracy and damage with ranged weapons and melee attacks
   (+2).
   It protects you from fire.
   It lets you turn invisible.
 L - a scarf of invisibility (worn)
Jewellery
 m - the amulet of the Four Winds (around neck) {rN+ MR+++ Clar}
   (You bought it in a shop on level 7 of the Dungeon)

   [amulet of nothing]

   It protects you from negative energy.
   It affects your resistance to hostile enchantments.
   It protects you against confusion.
 y - an uncursed ring of protection from cold {unknown}
 P - the ring of Robustness (left hand) {AC+8}
   (You found it on level 2 of the Lair of Beasts)

   [ring of protection]

   It affects your AC (+8).
 W - the ring of Jirirph (right hand) {rN+ Int+6 SInv}
   (You found it on level 4 of the Lair of Beasts)

   [ring of intelligence]

   It affects your intelligence (+6).
   It protects you from negative energy.
   It lets you see invisible.
Wands
 t - a wand of polymorph (22)
 u - a wand of random effects (15)
 v - a wand of paralysis (17)
 F - a wand of iceblast (8)
 I - a wand of acid (20)
 O - a wand of digging (5)
 R - a wand of enslavement (8)
 V - a wand of disintegration (14)
Scrolls
 a - 6 scrolls of enchant armour
 b - 5 scrolls of identify
 e - 4 scrolls of enchant weapon
 f - 6 scrolls of magic mapping
 h - 11 scrolls of remove curse
 j - 9 scrolls of teleportation
 k - 2 scrolls of fog
 l - 2 scrolls of blinking
Potions
 d - 9 potions of curing
 g - a potion of mutation {unknown}
 i - 8 potions of flight
 o - 5 potions of heal wounds {unknown}
 p - 2 potions of cancellation {unknown}
 q - 5 potions of might
 r - 4 potions of haste
 s - 2 potions of ambrosia {unknown}
 x - 3 potions of resistance {unknown}
 z - 5 potions of brilliance {unknown}
 B - a potion of lignification {unknown}
 D - 4 potions of stabbing {unknown}
 E - 2 potions of magic {unknown}
 K - a potion of invisibility {unknown}
 N - a potion of degeneration {unknown}
 U - 3 potions of berserk rage {unknown}
Miscellaneous
 J - 2 phantom mirrors
Comestibles
 c - 29 rations
 M - 4 chunks of flesh


   Skills:
 + Level 14.1 Fighting
 - Level 16.0 Maces & Flails
 + Level 14.0 Armour
 + Level 14.0 Dodging
 - Level 4.0 Shields


You had 16 spell levels left.
You didn't know any spells.
Your spell library was empty.

Dungeon Overview and Level Annotations

Branches:
Dungeon (15/15)            Temple (0/1) D:5            Lair (6/6) D:9
 Shoals (1/4) Lair:4        Snake (0/4) Lair:3        Slime (0/5) Lair:5
    Orc (2/2) D:12            Elf (1/3) Orc:2        Vaults (0/5) D:13
 Depths (0/5) D:15        Volcano (visited)

Altars:
Fedhas
Gozag
Makhleb
Nemelex Xobeh
Sif Muna
Vehumet
Beogh
Jiyva

Shops:
D:7 :=**:[   Orc:2 (=:*

Annotations:
D:5 1 runed translucent door, harlaan's ghost, amateur DESu
D:12 2 runed translucent doors, Sickboy's ghost, journeyman MiFi
Lair:4 exclusion: downstairs
Lair:5 exclusion: 2 oklob plants
Lair:6 3 runed translucent doors, iamserjio's ghost, journeyman OpWn


Message History

The water elemental is destroyed!
Trog accepts your kill.
The merfolk javelineer throws a javelin.
The javelin closely misses you.
The merfolk aquamancer barely misses your ogre.
The merfolk javelineer throws a javelin.
The javelin pierces through you!
You hear a splash.
Your ogre rages.
You enter the shallow water.
Moving in this stuff is going to be slow.
The water nymph gestures at you while chanting.
The water swirls and strikes you!
* * * LOW HITPOINT WARNING * * *
A merfolk siren comes into view. It is wielding a +0 spear.
The water nymph gestures at you while chanting.
The water swirls and strikes you!!
* * * LOW HITPOINT WARNING * * *
The merfolk aquamancer hits you with a +2 rapier of distortion!
You die...

≈≈≈≈≈≈≈≈≈≈≈≈≈≈≈≈≈≈≈≈
≈≈≈≈≈≈≈≈≈≈≈≈≈≈≈≈≈≈≈≈≈
≈≈≈≈≈≈≈≈≈≈≈≈≈≈≈≈≈≈≈≈≈≈
≈≈≈≈≈≈≈≈≈≈≈≈≈≈≈≈≈≈≈≈≈≈≈
≈≈≈≈≈≈≈≈≈≈≈≈≈≈≈≈≈≈≈≈≈≈≈≈
≈≈≈≈≈≈≈≈≈≈≈≈≈(≈≈(≈≈≈≈≈#≈
≈≈≈..≈≈≈≈≈≈.≈≈≈≈m(.≈m.≈≈.
≈≈≈...≈≈≈≈≈≈≈...m#.Om≈#≈≈.
≈≈≈..≈≈≈≈..≈≈≈.@..E.≈≈m≈≈≈
≈≈≈≈≈≈≈≈...≈≈≈>>.≈...#≈≈≈≈
≈≈≈...≈≈≈..≈≈≈≈≈.≈.....c≈≈≈
≈≈≈≈.≈≈≈≈≈≈≈≈≈≈≈.≈....#..≈≈
≈≈≈≈≈≈≈≈....≈≈≈......m....≈
≈≈.≈≈....)...≈....≈....#..
≈≈≈≈≈≈.......≈.........m
≈≈≈≈≈≈≈≈≈≈..≈≈..........
≈≈≈≈≈≈≈≈..........#. ≈#≈≈≈


You could see a merfolk javelineer, 3 merfolk aquamancers, a faun, a water
elemental, a merfolk siren, 2 water nymphs and a friendly ogre (summoned,
berserk).

Vanquished Creatures
  Jorgrun (Orc:1)
  An orc warlord (Orc:2)
  A deep elf sorcerer (Elf:1)
  A very ugly thing (D:15)
  A deep elf death mage (Elf:1)
  2 merfolk impalers (Shoals:1)
  A yaktaur captain (D:15)
  Harold (Orc:1)
  Erolcha (D:9)
  A deep elf high priest (Elf:1)
  4 hydras
  4 vault guards (D:13)
  Fannar (Lair:2)
  4 centaur warriors
  A merfolk avatar (Shoals:1)
  4 two-headed ogres
  A queen ant (Lair:3)
  6 death yaks (Lair:4)
  Erica (D:9)
  An ogre mage (D:13)
  A vampire mage (D:15)
  A dancing weapon (Elf:1)
  An orc high priest (Orc:1)
  A titan zombie (D:15)
  2 deep elf knights (Elf:1)
  Nergalle (Orc:1)
  Sonja (Orc:1)
  14 spriggans
  2 skeletal warriors (D:15)
  A sea snake (Shoals:1)
  An unseen horror (D:15)
  2 lindwurms (Volcano)
  5 orc knights
  A necromancer (D:15)
  A mana viper (shapeshifter) (D:15)
  8 deep elf magi (Elf:1)
  3 orc sorcerers
  A wolf spider zombie (D:13)
  4 ugly things
  A cyclops (Orc:2)
  2 centaur zombies
  5 manticores
  3 merfolk sirens (Shoals:1)
  5 black mambas
  2 torpor snails
  5 molten gargoyles (Volcano)
  3 water nymphs (Shoals:1)
  2 gargoyles
  9 spiny frogs
  An efreet (Volcano)
  Maggie (D:7)
  2 rime drakes (Lair:6)
  A freezing wraith (D:15)
  6 komodo dragons
  2 kobold demonologists (D:15)
  3 trolls
  2 merfolk (Shoals:1)
  A tyrant leech (Lair:6)
  A tengu conjurer (D:14)
  7 hornets
  5 polar bears
  A harpy skeleton (D:14)
  29 blink frogs
  A spriggan zombie (D:15)
  16 slime creatures
  3 dream sheep (Lair:6)
  9 hippogriffs
  4 snapping turtles (Shoals:1)
  An air elemental (Elf:1)
  72 yaks
  2 water elementals
  7 wyverns
  A centaur simulacrum (D:15)
  2 shadows
  A steam dragon (D:11)
  2 basilisks
  A human (D:13)
  4 vampire mosquitoes (D:14)
  Menkaure (D:6)
  2 hungry ghosts
  A tengu zombie (D:15)
  4 swamp worms (Lair:6)
  2 wargs (Orc:1)
  4 nagas (Lair:3)
  3 acid dragons
  11 water moccasins
  7 soldier ants
  13 porcupines
  10 black bears
  2 ice beasts
  An eye of draining (shapeshifter) (D:15)
  13 ogres
  2 sky beasts
  38 orc warriors
  A hornet zombie (D:14)
  5 boggarts (Lair:6)
  16 centaurs
  45 wolves
  A big kobold (D:10)
  Blork the orc (D:5)
  24 crocodiles
  A gnoll sergeant (Orc:1)
  18 bullfrogs
  An earth elemental (Volcano)
  A yaktaur skeleton (D:15)
  2 scorpions (D:10)
  5 killer bees (D:6)
  A howler monkey (D:7)
  An electric eel (D:14)
  11 wights
  9 crimson imps
  2 bullfrog zombies
  21 orc priests
  A jelly (D:15)
  5 centaur skeletons
  7 hounds
  22 orc wizards
  A bullfrog skeleton (D:10)
  Jessica (D:3)
  5 iguanas
  29 worker ants
  A killer bee zombie (D:9)
  3 worker ant zombies
  14 gnolls
  18 adders
  2 shadow imps
  2 oozes (D:1)
  An adder skeleton (D:4)
  2 adder zombies
  3 worms
  A dart slug (D:1)
  3 leopard geckos
  92 orcs
  6 bats
  A giant cockroach (D:7)
  2 goblins
  8 hobgoblins
  5 jackals
  16 kobolds
  3 quokkas
  10 ball pythons
  3 frilled lizards
  A leopard gecko skeleton (D:4)
  6 rats
  2 crawling corpses (Elf:1)
  2 fungi
  A plant (Lair:6)
873 creatures vanquished.

Vanquished Creatures (collateral kills)
  A water elemental (Shoals:1)
  2 orc warriors (Orc:2)
  3 orc priests (Orc:2)
  An orc wizard (Orc:2)
  2 orcs (Orc:2)
9 creatures vanquished.

Vanquished Creatures (others)
  An orc priest (Orc:2)
  73 fungi
  37 plants
111 creatures vanquished.

Grand Total: 993 creatures vanquished

Notes
Turn   | Place    | Note
-------+----------+-------------------------------------------
     0 | D:1      | D1HalberdGnoll the Human Berserker began the quest for the
                  | Orb.
     0 | D:1      | Reached XP level 1. HP: 18/18 MP: 1/1
   261 | D:1      | Reached XP level 2. HP: 11/24 MP: 2/2
   812 | D:1      | Reached XP level 3. HP: 29/29 MP: 3/3
   873 | D:1      | You fall into a shaft and drop 1 floor!
  1219 | D:1      | Reached ** piety under Trog
  1381 | D:2      | Reached XP level 4. HP: 32/35 MP: 4/4
  2319 | D:2      | Reached skill level 4 in Maces & Flails
  2473 | D:2      | Reached XP level 5. HP: 28/41 MP: 5/5
  3270 | D:3      | Noticed a hippogriff
  3276 | D:3      | Killed a hippogriff
  3276 | D:3      | Reached XP level 6. HP: 48/48 MP: 6/6
  3465 | D:3      | Reached skill level 5 in Maces & Flails
  3689 | D:3      | Found a sparkling altar of Nemelex Xobeh.
  3739 | D:3      | Noticed Jessica
  3746 | D:3      | Killed Jessica
  3746 | D:3      | Reached XP level 7. HP: 45/54 MP: 7/7
  5165 | D:4      | Reached skill level 6 in Maces & Flails
  5426 | D:5      | Entered Level 5 of the Dungeon
  5429 | D:5      | Reached XP level 8. HP: 61/61 MP: 8/8
  5646 | D:5      | Found a runed translucent door.
  5661 | D:5      | Reached *** piety under Trog
  5775 | D:5      | Reached skill level 5 in Fighting
  5780 | D:5      | Noticed harlaan's ghost (amateur DESu)
  5940 | D:5      | Noticed Blork the orc
  5948 | D:5      | Killed Blork the orc
  5948 | D:5      | Reached skill level 7 in Maces & Flails
  6231 | D:5      | Reached skill level 5 in Armour
  6563 | D:5      | Reached XP level 9. HP: 68/68 MP: 9/9
  6566 | D:5      | Reached skill level 5 in Dodging
  6810 | D:5      | Found a staircase to the Ecumenical Temple.
  7038 | D:6      | Got a warped chain mail
  7039 | D:6      | Identified the +1 chain mail of the Arcane {rF+} (You found
                  | it on level 6 of the Dungeon)
  7619 | D:6      | Reached skill level 8 in Maces & Flails
  7781 | D:6      | Noticed Menkaure
  7791 | D:6      | Killed Menkaure
  8173 | D:7      | Found Uple's Armour Emporium.
  8185 | D:7      | Noticed Maggie
  8204 | D:7      | Killed Maggie
  8417 | D:7      | Found Xeicif Pemuo's Assorted Antiques.
  8504 | D:7      | Found Ocam's Jewellery Boutique.
  8560 | D:7      | Found Doiw's Book Shoppe.
  8609 | D:7      | Reached XP level 10. HP: 77/77 MP: 10/10
  8684 | D:7      | Reached skill level 9 in Maces & Flails
  8731 | D:7      | Found Beaqown's Book Emporium.
  8765 | D:7      | Found Naepp's Serpentskin Sales.
  9063 | D:7      | Got a faintly glowing flail
  9064 | D:7      | Identified the +7 flail "Xuxoreg" {chaos, rF+ rC+} (You
                  | found it on level 7 of the Dungeon)
  9340 | D:8      | Noticed a two-headed ogre
  9352 | D:8      | Killed a two-headed ogre
 10277 | D:9      | Noticed Erica
 10298 | D:9      | Killed Erica
 10298 | D:9      | Reached skill level 10 in Maces & Flails
 10572 | D:9      | Noticed Erolcha
 10579 | D:9      | Reached XP level 11. HP: 34/84 MP: 11/11
 10602 | D:9      | Killed Erolcha
 10861 | D:9      | Reached **** piety under Trog
 11164 | D:9      | Found a staircase to the Lair.
 11468 | D:9      | Got a bloodstained chain mail
 11469 | D:9      | Identified the +4 chain mail of the Tundras {+Inv rF+
                  | Slay+2} (You found it on level 9 of the Dungeon)
 11578 | D:9      | Reached skill level 11 in Maces & Flails
 11730 | D:10     | Entered Level 10 of the Dungeon
 12440 | D:10     | Paralysed by a hornet for 3 turns
 12825 | D:10     | Found a radiant altar of Vehumet.
 13155 | Lair:1   | Entered Level 1 of the Lair of Beasts
 13573 | Lair:1   | Reached XP level 12. HP: 78/94 MP: 12/12
 14355 | Lair:2   | Reached skill level 1 in Shields
 14636 | Lair:2   | Found the ring of Robustness {AC+8}
 14891 | Lair:2   | Reached skill level 12 in Maces & Flails
 14947 | Lair:2   | You fall into a shaft and drop 2 floors!
 15334 | Lair:2   | Noticed Fannar
 15363 | Lair:2   | Killed Fannar
 16152 | Lair:3   | Noticed a queen ant
 16172 | Lair:3   | Killed a queen ant
 16884 | Lair:3   | Found a staircase to the Snake Pit.
 16999 | Lair:3   | Reached XP level 13. HP: 76/101 MP: 13/13
 17417 | Lair:3   | Reached ***** piety under Trog
 17417 | Lair:3   | Reached skill level 13 in Maces & Flails
 18239 | Lair:4   | Reached skill level 10 in Fighting
 18317 | Lair:4   | Received a gift from Trog
 18320 | Lair:4   | Got a shimmering dire flail {god gift}
 18364 | Lair:4   | Identified the +8 dire flail of Entrepreneurial Spirit
                  | {vorpal, MR+} (Trog gifted it to you on level 4 of the Lair
                  | of Beasts)
 18626 | Lair:4   | Reached skill level 10 in Armour
 18639 | Lair:4   | Reached skill level 10 in Dodging
 18950 | Lair:4   | Got a shimmering bronze ring
 18981 | Lair:4   | Reached skill level 14 in Maces & Flails
 19176 | Lair:4   | Found a staircase to the Shoals.
 19177 | Lair:4   | Identified the ring of Jirirph {rN+ Int+6 SInv} (You found
                  | it on level 4 of the Lair of Beasts)
 19870 | Lair:4   | Reached XP level 14. HP: 102/111 MP: 14/14
 20370 | Lair:5   | Identified 2 scrolls of acquirement
 20371 | Lair:5   | Got the +11 morningstar of Severance {freeze, rN++}
 20721 | Lair:5   | Found a staircase to the Slime Pits.
 20722 | Lair:5   | Found a viscous altar of Jiyva.
 21162 | Lair:6   | Entered Level 6 of the Lair of Beasts
 21514 | Lair:6   | Found a dark tunnel.
 21573 | Volcano  | Entered a volcano
 22336 | Lair:6   | Found a runed translucent gate.
 22336 | Lair:6   | Found a runed translucent gate.
 22336 | Lair:6   | Found a runed translucent gate.
 22411 | Lair:6   | Noticed iamserjio's ghost (journeyman OpWn)
 22882 | Lair:6   | Reached XP level 15. HP: 120/120 MP: 15/15
 24288 | D:11     | Received a gift from Trog
 24865 | D:12     | Found a runed translucent door.
 25093 | D:12     | Noticed a lich
 25095 | D:12     | Noticed Sickboy's ghost (journeyman MiFi)
 25098 | D:12     | Found a runed translucent door.
 25375 | D:12     | Found a staircase to the Orcish Mines.
 25716 | D:12     | Found a roughly hewn altar of Beogh.
 26503 | D:13     | Reached skill level 15 in Maces & Flails
 26768 | D:13     | Found a gate to the Vaults.
 26772 | D:13     | Received a gift from Trog
 27215 | D:14     | Found a flickering gateway to a bazaar.
 27251 | Bazaar   | Entered a bazaar
 27265 | Bazaar   | Found Miom Tul's Gadget Emporium.
 27280 | Bazaar   | Found Cipyreg's Jewellery Emporium.
 27295 | Bazaar   | Found Ughaest's Antique Armour Shoppe.
 27295 | Bazaar   | Found Zapne Aro's Magic Scroll Emporium.
 27299 | Bazaar   | Bought a scroll of acquirement for 728 gold pieces
 27305 | Bazaar   | Bought a glowing scarf for 248 gold pieces
 27556 | D:7      | Bought the amulet of the Four Winds {rN+ MR+++ Clar} for
                  | 526 gold pieces
 27556 | D:7      | Found the amulet of the Four Winds {rN+ MR+++ Clar}
 28004 | D:14     | Reached XP level 16. HP: 111/129 MP: 16/16
 28208 | D:14     | Found a burning altar of Makhleb.
 28591 | D:15     | Entered Level 15 of the Dungeon
 28591 | D:15     | Found a shimmering blue altar of Sif Muna.
 28802 | D:15     | Found a staircase to the Depths.
 29076 | D:15     | Found an opulent altar of Gozag.
 29457 | D:15     | Found a blossoming altar of Fedhas.
 29654 | Orc:1    | Entered Level 1 of the Orcish Mines
 29654 | Orc:1    | Noticed Sonja
 29662 | Orc:1    | Noticed Jorgrun
 29666 | Orc:1    | Killed Sonja
 29671 | Orc:1    | Killed Jorgrun
 29672 | Orc:1    | Received a gift from Trog
 29985 | Orc:1    | Noticed Harold
 29994 | Orc:1    | Noticed Nergalle
 29997 | Orc:1    | Killed Harold
 30022 | Orc:1    | Killed Nergalle
 30690 | Orc:2    | Entered Level 2 of the Orcish Mines
 30911 | Orc:2    | Received a gift from Trog
 31022 | Orc:2    | Found a staircase to the Elven Halls.
 31527 | Orc:2    | Found Douqir's Book Shop.
 31527 | Orc:2    | Found Riridemask's Jewellery Emporium.
 31529 | Orc:2    | Found Tota's Antique Weapon Shoppe.
 31531 | Orc:2    | Found Emacrao's General Store.
 31543 | Orc:2    | Bought a potion of flight for 39 gold pieces
 31589 | Elf:1    | Entered Level 1 of the Elven Halls
 31734 | Elf:1    | Noticed a deep elf sorcerer
 31751 | Elf:1    | Reached XP level 17. HP: 138/138 MP: 17/17
 31754 | Elf:1    | Reached skill level 16 in Maces & Flails
 31793 | Elf:1    | HP: 6/138 [poisoned by a +8 trident of venom]
 32425 | Shoals:1 | Entered Level 1 of the Shoals
 33820 | Shoals:1 | Slain by a merfolk aquamancer

Illustrated notes

Levels and vault maps discovered:
D:1:      lemuel_arrival_tunnels, layout_loops_ring, minmay_crystal_room
D:2:      layout_loops_ring, minmay_splitting_lines, minmay_snake_closets
D:3:      layout_basic, nemelex_xobeh_ov_fountains_minmay, uniq_jessica
D:4:      layout_loops_ring, corner_web_ring
D:5:      layout_gridville, minmay_temple_entry_statues, first_ration,
          ebering_ghost_reflecting_pool, serial_bayou, serial_bayou_pond_e,
          serial_bayou_ford_a, serial_bayou_pond_d, serial_bayou_crossing,
          serial_bayou_pond_e, uniq_blork_the_orc
D:6:      layout_basic, hangedman_decor_opposing, uniq_menkaure
D:7:      layout_rooms, serial_shops, nicolae_shop_statue_plus, shop,
          kennysheep_mini_moat, nicolae_shop_window_shopping, shop,
          guppyfry_shop_venom, uniq_maggie
D:8:      layout_basic
D:9:      layout_roguey, due_lair_maze_entry_diamond, uniq_erica, uniq_erolcha
D:10:     layout_small_grid, basic_altar, hangedman_pestilent_swarm
D:11:     layout_gridville
D:12:     layout_roguey, minmay_orc_entry_temple_small, serial_glass,
          glass_columns_b, glass_columns_b, muffindrake_ghost_dual_entry,
          st_stairs_3, kennysheep_minor_cross, nicolae_lava_and_water
D:13:     layout_loops_cross, grunt_vaults_entry_fortified, serial_glass,
          glass_columns_a, glass_columns_b, glass_columns_a, glass_columns_c
D:14:     layout_long_grid, minmay_misc_feat_columns, serial_shops,
          bzr_entry_dummy, basic_altar, kennysheep_another_room,
          kennysheep_small_spiral, st_stairs_12, minivault_22
D:15:     gammafunk_depths_entry_grave, layout_rooms, lemuel_round_altar,
          hangedman_feature_mirror
Lair:1:   layout_big_grid, hangedman_lair_unloving_vines, serial_bayou_pond_c
Lair:2:   layout_gridlike, uniq_fannar
Lair:3:   layout_regular_city, minmay_snake_entry_guardpost_small,
          minmay_another_anthill
Lair:4:   layout_cave_pods, minmay_shoals_entry_beasts,
          grunt_forest_large_clearings
Lair:5:   dpeg_oklob_shooting_range, layout_loops_ring, slime_altar_1,
          grunt_megastairs_1
Lair:6:   minmay_lair_end_enchanted_forest, layout_regular_city,
          gammafunk_ghost_split, enter_volcano_2, worms_lemuel,
          serial_bayou_shore_a
Shoals:1: layout_shoals, nicolae_shoals_water_shrine
Orc:1:    layout_caves, nicolae_orc_rockfall, sword_in_stone, uniq_sonja,
          uniq_jorgrun, uniq_nergalle, uniq_harold
Orc:2:    st_orc_rangers, layout_caves
Elf:1:    eino_elf_arrival_customs, layout_gridlike,
          hangedman_elven_crosses_minicolossus, minmay_shop_star,
          grunt_megastairs_2, uniq_agnes

Skill      XL: |  1  2  3  4  5  6  7  8  9 10 11 12 13 14 15 16 17 |
---------------+----------------------------------------------------+-----
Maces & Flails | 4 5 6 7 8 10 11 12 14 15 16 | 16.0
Fighting       | 4 5 6 7 8 9 10 11 12 13 14 | 14.1
Armour         | 3 4 5 6 7 8 9 10 11 12 13 14 | 14.0
Dodging        | 3 4 6 7 8 9 10 11 12 13 14 | 14.0
Shields        | 3 4 |  4.0

Action                   |  1- 3 |  4- 6 |  7- 9 | 10-12 | 13-15 | 16-18 || total
-------------------------+-------+-------+-------+-------+-------+-------++-------
Melee: Mace              |    69 |   137 |    24 |       |       |       ||   230
       Flail             |       |       |    41 |       |       |       ||    41
       Hand axe          |       |       |   381 |   922 |   161 |       ||  1464
       Dire flail        |       |       |       |       |   225 |       ||   225
       Morningstar       |       |       |       |       |   702 |   556 ||  1258
Invok: Berserk           |     2 |     5 |    19 |    26 |    13 |    10 ||    75
       Trog's Hand       |       |     2 |    10 |    12 |    11 |    14 ||    49
       Brothers in Arms  |       |       |       |       |       |     2 ||     2
Evoke: Wand              |       |       |       |     4 |    13 |     1 ||    18
  Use: Scroll            |       |       |     4 |    14 |    15 |     1 ||    34
       Potion            |       |       |       |     1 |       |     3 ||     4
 Stab: Sleeping          |     3 |     1 |     1 |       |       |       ||     5
       Distracted        |       |       |       |       |       |     1 ||     1
  Eat: Chunk             |     3 |     9 |    28 |    45 |    35 |    17 ||   137
       Ration            |       |     1 |     2 |     4 |     5 |     5 ||    17
Armor: Animal skin       |    11 |       |       |       |       |       ||    11
       Leather armour    |       |    42 |    69 |       |       |       ||   111
       Chain mail        |       |       |    78 |   417 |   450 |   286 ||  1231
       Plate armour      |       |       |     6 |       |       |       ||     6
Dodge: Dodged            |    47 |   103 |   264 |   477 |   646 |   460 ||  1997
Block: Buckler           |       |       |       |    63 |   181 |   145 ||   389

Table legend:
 A = Non-vault XP
 B = Vault XP
 C = Vault XP percentage of total XP
 D = Non-vault monster count
 E = Vault monster count
 F = Vault count percentage of total count
                 A         B        C        D         E       F
            +---------+---------+-------+---------+---------+-------
      Total |  108111 |   58562 |  35.1 |     630 |     247 |  28.2
            +---------+---------+-------+---------+---------+-------
        D:1 |      44 |       0 |   0.0 |      19 |       0 |   0.0
        D:2 |      58 |      74 |  56.1 |      20 |      12 |  37.5
        D:3 |     405 |      37 |   8.4 |      21 |       1 |   4.5
        D:4 |     404 |       0 |   0.0 |      19 |       0 |   0.0
        D:5 |    1120 |      99 |   8.1 |      37 |       1 |   2.6
        D:6 |     876 |     175 |  16.7 |      22 |       1 |   4.3
        D:7 |     519 |     417 |  44.6 |      15 |       5 |  25.0
        D:8 |    1347 |       0 |   0.0 |      11 |       0 |   0.0
        D:9 |    2012 |    3277 |  62.0 |      26 |      13 |  33.3
       D:10 |    2182 |     872 |  28.6 |      33 |       4 |  10.8
       D:11 |    1940 |       0 |   0.0 |      16 |       0 |   0.0
       D:12 |    4116 |    1447 |  26.0 |      26 |       9 |  25.7
       D:13 |    6208 |    6694 |  51.9 |      28 |      10 |  26.3
       D:14 |    9691 |     119 |   1.2 |      35 |       1 |   2.8
       D:15 |    5972 |    6378 |  51.6 |      21 |      10 |  32.3
     Lair:1 |    1809 |       0 |   0.0 |      12 |       0 |   0.0
     Lair:2 |    3390 |     919 |  21.3 |      16 |       1 |   5.9
     Lair:3 |    6957 |    2991 |  30.1 |      28 |      31 |  52.5
     Lair:4 |   11703 |    4127 |  26.1 |      38 |      25 |  39.7
     Lair:5 |   10490 |    1109 |   9.6 |      38 |       6 |  13.6
     Lair:6 |    9647 |    9930 |  50.7 |      38 |      54 |  58.7
   Shoals:1 |   10122 |      98 |   1.0 |      21 |       1 |   4.5
      Orc:1 |    4803 |    6083 |  55.9 |      53 |       8 |  13.1
      Orc:2 |    4774 |    6207 |  56.5 |      28 |      39 |  58.2
      Elf:1 |    7522 |    3522 |  31.9 |       9 |       6 |  40.0
    Volcano |       0 |    3987 | 100.0 |       0 |       9 | 100.0
            +---------+---------+-------+---------+---------+-------
